Map: Blackburn LE

Players

Serral

  • Race: Zerg Zerg

Solar - Winner!

  • Race: Zerg Zerg

Event: StayAtHome Story Cup #4

VOD

Have the link to the VOD?

Description

Time

  • Played on: Oct. 24, 2021, 2:33 p.m.
  • Length: 11:31

All games in this series

Show
View Real Time Build Order
Export as new Build Order

Serral Zerg 

Build Orders: Pool First 

Get SALT Encoding   

  12  0:00  Drone  
  13  0:13  Overlord  
  13  0:18  Drone  
  14  0:31  Drone x2  
  16  0:37  Drone  
  17  0:44  Extractor  
  17  0:46  Drone  
  17  0:51  Spawning Pool  
  16  0:57  Drone  
  17  1:08  Drone  
  18  1:19  Hatchery  
  18  1:24  Drone  
  18  1:37  Queen  
  18  1:38  Zergling x2  
  21  1:42  Zergling x2  
  22  1:47  Metabolic Boost  
  22  1:55  Overlord  
  22  2:13  Drone x2, Queen  
  26  2:22  Drone  
  27  2:33  Drone x2  
  27  2:35  Baneling Nest  
  28  2:43  Zergling x2  
  29  2:47  Drone x2  
  29  2:48  Drone  
  32  2:51  Overlord  
  32  2:53  Drone  
  33  3:00  Zergling x2  
  34  3:09  Hatchery  
  34  3:12  Drone x2  
  35  3:15  Drone  
  36  3:21  Overlord  
  36  3:22  Drone  
  36  3:23  Drone  
  36  3:24  Baneling  
  38  3:31  Drone  
  39  3:36  Zergling x8  
  43  3:42  Zergling x4  
  45  3:52  Zergling x2  
  45  3:54  Baneling  
  45  3:55  Baneling  
  45  4:00  Drone x2  
  45  4:04  Queen  
  45  4:05  Roach Warren, Extractor  
  45  4:07  Zergling x8  
  45  4:08  Baneling  
  49  4:13  Evolution Chamber  
  49  4:15  Drone x2  
  50  4:17  Drone  
  51  4:24  Drone  
  52  4:47  Roach x3  
  52  4:50  Overlord x3  
  52  4:51  Overlord  
  57  5:02  Baneling  
  57  5:11  Baneling x2  
  57  5:13  Roach x8  
  73  5:24  Overlord  
  73  5:26  Roach x3  
  79  5:33  Overlord  
  78  5:45  Drone x3  
  78  5:46  Drone x5  
  86  5:53  Overlord  
  86  5:56  Roach x2  
  90  6:01  Roach, Spine Crawler  
  89  6:06  Zerg Missile Weapons Level 1  
  89  6:09  Drone x5  
  94  6:14  Baneling  
  94  6:15  Overlord  
  94  6:18  Drone x4  
  99  6:21  Extractor  
  99  6:22  Extractor  
  99  6:23  Overlord  
  97  6:26  Roach  
  97  6:31  Roach  
  97  6:32  Roach  
  102  6:36  Roach  
  101  6:41  Roach  
  101  6:45  Lair  
  102  6:54  Drone x3  
  102  6:55  Roach x3  
  102  6:57  Roach  
  110  7:04  Roach x2  
  110  7:05  Roach  
  110  7:08  Overlord  
  116  7:13  Extractor  
  115  7:15  Baneling  
  115  7:18  Overlord  
  115  7:19  Roach x5  
  125  7:26  Overlord  
  125  7:28  Roach  
  127  7:33  Roach, Spine Crawler  
  127  7:34  Roach x4  
  136  7:42  Glial Reconstitution  
  136  7:48  Roach x5  
  146  7:56  Overlord  
  146  8:01  Zerg Ground Armor Level 1  
  146  8:03  Overseer  
  146  8:05  Drone x5  
  149  8:06  Drone  
  149  8:09  Extractor  
  149  8:10  Roach  
  154  8:13  Overlord x3  
  154  8:18  Overseer  
  154  8:23  Roach x3, Hydralisk Den  
  159  8:30  Roach  
  161  8:37  Roach x5  
  171  8:43  Spore Crawler  
  171  8:44  Spore Crawler  
  171  8:45  Spore Crawler  
  168  8:51  Hydralisk x2  
  168  8:55  Hydralisk x2  
  174  8:59  Grooved Spines  
  174  9:01  Overlord  
  176  9:03  Overlord  
  176  9:07  Overlord  
  175  9:21  Hydralisk  
  175  9:23  Overlord  
  177  9:28  Hydralisk x4  
  181  9:38  Roach x4  
  181  9:45  Roach x3  
  169  9:48  Ravager  
  169  9:51  Ravager  
  171  10:00  Roach  
  171  10:01  Roach x5  
  181  10:09  Roach x3  
  181  10:11  Overlord  
  169  10:15  Roach x2  
  173  10:23  Ravager  
  173  10:25  Roach x2  
  181  10:35  Roach x5  
  181  10:41  Extractor  
  181  10:42  Roach x3  
  186  10:54  Roach x5  
  185  11:01  Roach x3  
  151  11:05  Roach  
  151  11:07  Roach  
  151  11:08  Roach  
  129  11:11  Roach  
Show
View Real Time Build Order
Export as new Build Order

Solar Zerg - Winner!

Build Orders: Hatch First 

Get SALT Encoding   

  12  0:00  Drone  
  13  0:12  Overlord  
  13  0:17  Drone  
  14  0:31  Drone x2  
  16  0:47  Hatchery  
  15  0:51  Drone  
  15  0:55  Drone  
  17  0:58  Drone  
  18  1:06  Extractor  
  17  1:14  Spawning Pool  
  17  1:16  Drone  
  17  1:20  Drone  
  18  1:28  Drone  
  19  1:40  Drone  
  20  2:01  Queen  
  20  2:02  Queen  
  20  2:03  Drone, Overlord  
  20  2:04  Zergling x2  
  26  2:08  Metabolic Boost  
  26  2:11  Zergling x2  
  26  2:13  Drone  
  28  2:22  Drone x2  
  30  2:28  Baneling Nest  
  29  2:32  Zergling x2  
  29  2:33  Drone  
  33  2:45  Overlord  
  33  2:48  Drone  
  35  3:05  Drone x3  
  35  3:06  Drone  
  35  3:12  Zergling x6  
  38  3:15  Baneling x2, Zergling x2  
  38  3:16  Zergling x4  
  41  3:20  Zergling x2  
  41  3:29  Zergling x4  
  41  3:30  Hatchery  
  41  3:31  Baneling  
  42  3:36  Overlord  
  42  3:38  Drone  
  43  3:54  Drone  
  44  4:00  Drone x2  
  44  4:01  Drone  
  44  4:02  Drone, Zergling x2  
  48  4:07  Evolution Chamber  
  48  4:08  Drone  
  48  4:10  Roach Warren  
  48  4:11  Overlord  
  47  4:19  Drone  
  47  4:22  Baneling  
  47  4:24  Drone x4  
  51  4:26  Overlord  
  51  4:29  Overlord  
  52  4:36  Zerg Missile Weapons Level 1, Drone  
  52  4:38  Drone, Extractor  
  52  4:44  Zergling x6  
  52  4:45  Baneling  
  55  4:47  Zergling x2  
  55  4:55  Overlord  
  55  4:56  Drone x2  
  55  4:57  Roach x3  
  63  5:04  Drone x4  
  63  5:06  Queen  
  69  5:14  Lair  
  69  5:16  Extractor  
  69  5:17  Drone  
  69  5:23  Roach x4  
  77  5:30  Drone x2  
  77  5:31  Drone  
  77  5:32  Overlord  
  77  5:34  Drone x3  
  82  5:39  Drone  
  79  5:44  Overlord  
  79  5:45  Drone  
  79  5:48  Overlord  
  80  5:52  Extractor  
  80  5:53  Overlord  
  80  5:54  Roach  
  81  5:59  Roach  
  81  6:03  Drone  
  83  6:05  Drone  
  83  6:09  Drone  
  83  6:10  Drone  
  85  6:12  Glial Reconstitution  
  85  6:13  Extractor  
  85  6:14  Overseer, Drone x3  
  85  6:17  Drone x2  
  85  6:18  Overlord  
  89  6:19  Roach x2  
  93  6:28  Roach x4  
  93  6:32  Roach x2  
  105  6:39  Overlord  
  105  6:40  Roach  
  103  6:47  Roach x6  
  103  6:51  Roach x2  
  103  6:52  Roach  
  119  6:57  Overlord  
  119  6:58  Drone x2  
  121  7:01  Extractor  
  121  7:03  Spire  
  121  7:04  Drone  
  121  7:05  Drone  
  121  7:09  Drone  
  121  7:10  Drone  
  121  7:13  Drone  
  124  7:16  Drone  
  124  7:20  Drone  
  126  7:22  Overlord  
  126  7:26  Drone  
  126  7:27  Hatchery  
  126  7:28  Roach x2  
  130  7:30  Overlord  
  130  7:32  Drone  
  130  7:36  Drone  
  132  7:37  Roach x3  
  132  7:41  Overlord  
  136  7:53  Zerg Missile Weapons Level 2  
  136  7:56  Roach x3  
  141  8:06  Roach  
  141  8:08  Overlord  
  143  8:16  Mutalisk x8, Extractor  
  143  8:19  Roach x4  
  166  8:22  Drone  
  166  8:23  Drone x2  
  166  8:24  Overlord  
  169  8:30  Roach x3  
  169  8:33  Overlord  
  175  8:36  Overlord  
  175  8:42  Roach x4  
  175  8:43  Roach  
  175  8:46  Roach  
  175  8:48  Ravager  
  188  8:52  Ravager  
  189  8:56  Roach x5  
  199  9:14  Overlord  
  199  9:16  Ravager  
  195  9:31  Roach x4  
  195  9:32  Roach  
  195  9:36  Roach x5  
  197  9:40  Roach x5  
  197  9:42  Roach x2  
  197  9:44  Roach x6  
  195  9:46  Roach  
  195  9:50  Ravager  
  195  9:52  Ravager  
  199  9:54  Tunneling Claws, Burrow  
  199  10:13  Roach x10  
  189  10:14  Roach x2  
  189  10:15  Roach  
  189  10:16  Roach  
  189  10:18  Roach x6  
  200  10:28  Ravager x2  
  198  10:36  Roach  
  198  10:41  Overseer  
  199  10:50  Queen  
  190  11:01  Roach x17  
  190  11:03  Roach x2  
  196  11:06  Roach x3  
Tags
 
Add a new tag
Caveats
  • Supply blocks, unpowered buildings, or Contaminate may cause inaccurate times.
  • Supply counts are checked every 10 seconds.